[Event "Mitropa Cup Women 2022"]
[Site "Corte"]
[Date "2022.05.01"]
[Round "2.1"]
[White "Cvitan, Ena"]
[Black "Urh, Zala"]
[Result "1-0"]
[ECO "D94"]
[WhiteElo "2238"]
[BlackElo "2284"]
[Annotator "TA"]
[PlyCount "125"]
[EventDate "2022.04.30"]
[EventType "team-tourn"]
[EventCountry "FRA"]
[SourceTitle "playchess.com"]
[Source "ChessBase"]
[SourceQuality "1"]
[WhiteTeam "Croatia"]
[BlackTeam "Slovenia"]
[WhiteTeamCountry "CRO"]
[BlackTeamCountry "SLO"]
[TimeControl "40/5400+30:1800+30"]

1. d4 Nf6 2. c4 g6 3. Nc3 d5 4. e3 Bg7 5. Nf3 O-O 6. Be2 dxc4 7. Bxc4 Nbd7 8. O-O c5 9. h3 {[%emt 0:07:00] D94: Grünfeld: 4 Nf3 Bg7 5 e3.} b6 10. d5 Ne8 11. e4 {[%emt 0:12:53] White is slightly better.} Nd6 {[%emt 0:02:38] [#]} 12. Be2 $146 ({Predecessor:} 12. Qe2 f5 13. Bb3 fxe4 14. Nxe4 Ne5 15. Nxe5 Bxe5 16. Nxc5 bxc5 17. Qxe5 Rf5 18. Qe2 {½-½ (53) Zimmermann,M (1914)-Hopson,K (1761) Kiel 2012}) 12... Re8 (12... Bb7 $11) 13. Qc2 $14 a6 14. a4 f5 15. Rd1 fxe4 16. Nxe4 Nf8 ({Better is} 16... Nf6 $14 17. Neg5 Bf5) 17. Ng3 $16 {[%emt 0:00:47] White is more active.} Bb7 18. Bf4 Rc8 19. h4 c4 20. h5 Rc5 21. Nh4 (21. hxg6 $16 hxg6 22. Rac1) 21... Rxd5 (21... Bf6 $1 $11 22. Nf3 Qc8) 22. hxg6 e5 23. gxh7+ (23. Be3 $16 {Rxd5 is the strong threat.} Qxh4 24. Rxd5 Bxd5 25. Qd2 Bxg2 26. Kxg2) 23... Kh8 (23... Nxh7 $11 {remains equal.} 24. Qg6 exf4) 24. Be3 {[%emt 0:00:29] aiming for Rxd5.} Qxh4 {[%emt 0:00:49] [#]} 25. Rxd5 $1 {[%emt 0:01:00] The board is on fire.} Bxd5 26. Qd2 Be6 27. Qxd6 $18 Nxh7 28. Qxb6 Ng5 (28... Nf6 $142 29. Qxa6 Nd5) 29. Qc6 Re7 30. Rd1 Kh7 31. Bxg5 Qxg5 32. Bxc4 Qg4 33. Be2 Qb4 34. Bxa6 Bb3 35. Bd3+ e4 36. Bxe4+ Rxe4 37. Qxe4+ $2 (37. Nxe4 $18 Bxd1 38. Ng5+ Kh8 39. Qe8+ Bf8 40. Qe5+ Bg7 41. Qh2+ (41. Qf5 Qe1+ 42. Kh2 Qe5+ 43. Qxe5 Bxe5+ 44. Kh3 Bxb2 $17) 41... Kg8 42. Qh7+ Kf8 43. Qf5+ Ke7 44. Qf7+ Kd6 45. Qxg7) 37... Qxe4 $11 38. Nxe4 Bxd1 39. Nc3 Bb3 40. f4 Bd4+ 41. Kf1 Kg6 42. Ke2 Kf5 43. Kf3 Bb6 44. g4+ Ke6 45. Ke2 Bc7 46. Ke3 Bb6+ 47. Kd3 Bd8 48. Ke4 Bc2+ 49. Kd4 {[%emt 0:00:00] [#] Strongly threatening b4.} Bb6+ $2 (49... Bf6+ $11 50. Kc4 Bxc3 51. bxc3 Bxa4) 50. Kc4 $18 Be3 51. f5+ Kd6 $2 (51... Ke5 52. a5 Bf2) 52. b4 Bg5 53. a5 {[%emt 0:00:00][%cal Ba4a5,Ba5a6][%mdl 32] Hoping for a6.} Bd8 54. a6 {[%emt 0:00:00] Black must now prevent a7.} Kc6 55. b5+ Kb6 56. Nd5+ Ka7 57. Nb4 Be4 58. Nc6+ Bxc6 59. bxc6 Kxa6 60. Kd5 {[%emt 0:00:00] White mates.} Kb6 61. Kd6 Bc7+ 62. Kd7 Be5 63. f6 {[%emt 0:00:00] Weighted Error Value: White=0.32/Black=0.61} 1-0

[Event "Mitropa Cup Women 2022"]
[Site "Corte"]
[Date "2022.05.01"]
[Round "2.2"]
[White "Janzelj, Lara"]
[Black "Medic, Mirjana"]
[Result "0-1"]
[ECO "A13"]
[WhiteElo "2191"]
[BlackElo "2172"]
[Annotator "TA"]
[PlyCount "68"]
[EventDate "2022.04.30"]
[EventType "team-tourn"]
[EventCountry "FRA"]
[SourceTitle "playchess.com"]
[Source "ChessBase"]
[SourceQuality "1"]
[WhiteTeam "Slovenia"]
[BlackTeam "Croatia"]
[WhiteTeamCountry "SLO"]
[BlackTeamCountry "CRO"]
[TimeControl "40/5400+30:1800+30"]

1. c4 e6 2. g3 d5 3. Bg2 Nf6 4. Nf3 c6 5. O-O Be7 6. d4 O-O 7. Nc3 b6 8. Ne5 Bb7 9. e4 dxc4 10. Nxc4 Nbd7 {[%emt 0:07:00] E06: Closed Catalan: Early deviations.} 11. Bf4 (11. e5 $16 Nd5 12. Qg4) 11... Re8 (11... Ba6 $11 12. b3 b5) 12. Nd6 $16 Bxd6 {[%emt 0:00:06] White is better.} 13. Bxd6 {[%emt 0:00:04] [#]} Nf8 $146 ({Predecessor:} 13... e5 14. dxe5 Nxe5 15. Bxe5 Rxe5 16. f4 Re7 17. e5 Rd7 18. Qb3 Ng4 19. e6 Rd2 20. exf7+ Kf8 21. Rad1 Qd4+ 22. Kh1 Nf2+ 23. Rxf2 Qxf2 {0-1 (23) Antic,D (2466)-Ibryamov,I (2116) Plovdiv 2014}) 14. e5 Nd5 15. Ne4 Ng6 16. Qh5 Nde7 (16... f5 $142) 17. Rfd1 Nf5 18. Ba3 h6 19. Bh3 (19. Bd6 $16) 19... Qd7 (19... Qd5 $1 $11 20. Bg2 (20. Bxf5 exf5 21. Nc3 Qc4 $11) 20... Qb5) 20. b3 (20. Bxf5 $16 exf5 21. Nd6) 20... Red8 (20... Nxd4 $11 21. Bg2 (21. Nd6 c5 $11) 21... Red8) 21. Bb2 (21. Bxf5 $16 {[%cal Oe4f6] Strongly threatening Nf6+!} exf5 22. Nd6) 21... a5 $14 22. a3 ({White should try} 22. Bxf5 $14 exf5 23. Nd6) 22... Qd5 $1 $15 23. Qe2 Qxb3 {[%emt 0:02:23] Hoping for ...Ba6.} 24. Bxf5 exf5 25. Nd6 Ba6 26. Qd2 f4 27. Rac1 Qf3 28. Rc3 (28. Re1 $15) 28... Qd5 29. Qc2 f3 30. Rxc6 {[%emt 0:04:12] [#]} ({White should play} 30. Qb3 $15) 30... Be2 ({Better is} 30... Nxe5 $1 $19 31. dxe5 Qe6) 31. Rc1 {[%emt 0:00:18] Threatens to win with Nf5.} ({Don't go for} 31. Rxb6 $2 Bxd1 32. Qxd1 Nxe5 $1 $19 ) 31... Ne7 $40 {[%emt 0:00:28][%mdl 128] And now ...Qe6 would win. White needs to defend precisely.} 32. Rc7 $2 ({Not} 32. Rxb6 $2 Qe6 33. Nf5 Qxf5 $19) (32. Rc3 $15) 32... Qe6 $19 {[%emt 0:00:52][%cal Oe6h3] ( -> ...Qh3!)} 33. Kh1 {[%emt 0:00:43] [#]} Qh3 $1 34. Rg1 {[%emt 0:00:05] [#]} Bf1 $1 {[%emt 0:00:10] Weighted Error Value: White=0.83/Black=0.28 (precise)} 0-1

[Event "Mitropa Cup Women 2022"]
[Site "Corte"]
[Date "2022.05.01"]
[Round "2.4"]
[White "Rozman, Monika"]
[Black "Vujnovic, Patricija"]
[Result "0-1"]
[ECO "B17"]
[WhiteElo "2115"]
[BlackElo "2123"]
[Annotator "TA"]
[PlyCount "134"]
[EventDate "2022.04.30"]
[EventType "team-tourn"]
[EventCountry "FRA"]
[SourceTitle "playchess.com"]
[Source "ChessBase"]
[SourceQuality "1"]
[WhiteTeam "Slovenia"]
[BlackTeam "Croatia"]
[WhiteTeamCountry "SLO"]
[BlackTeamCountry "CRO"]
[TimeControl "40/5400+30:1800+30"]

1. e4 c6 2. d4 d5 3. Nc3 dxe4 4. Nxe4 Nd7 5. c3 Ngf6 6. Nxf6+ {[%emt 0:00:15] B17: Caro-Kann: Modern Line (4...Nd7).} Nxf6 7. Bd3 Bg4 8. Ne2 {[%emt 0:02:27] White has an edge.} e6 9. f3 Bh5 10. Qc2 Bg6 {[%emt 0:02:51] [#]} 11. Bd2 $146 ({Predecessor:} 11. Bg5 Bxd3 12. Qxd3 Be7 13. O-O-O Qa5 14. Bxf6 Bxf6 15. Kb1 O-O-O 16. Ng3 {½-½ (63) Martinez Gomez,C (1600)-Leal Cortes,D (1884) Bogota 2018}) 11... Bd6 12. O-O-O Bxd3 13. Qxd3 O-O 14. g4 b5 15. Bg5 Be7 16. h4 Nd5 17. Kb1 a5 18. Ng3 a4 19. Ne4 f6 20. Bd2 Nb6 21. Qe2 Re8 22. Nf2 Qd5 23. Nd3 Bd6 24. Bf4 Nc4 25. Bxd6 Qxd6 26. h5 Qc7 27. h6 g6 28. Nc5 Qe7 (28... Qf4 $11 {keeps the balance.}) 29. Rhe1 Kf7 (29... Qd6 $14) 30. Qf2 Qd6 31. f4 Qd5 32. Re2 Ra7 33. Rde1 {[%emt 0:01:20] Hoping for f5.} Rae7 34. Nd3 Kg8 35. f5 g5 36. fxe6 ({White should try} 36. b3 $14 axb3 37. axb3) 36... Rxe6 $11 37. Rxe6 Rxe6 38. Kc2 (38. Rxe6 $11 Qxe6 39. Qg3) 38... Rxe1 $15 {[%emt 0:02:36] Black is more active.} 39. Qxe1 Qg2+ 40. Kc1 {[%emt 0:00:26] White is on the road to losing.} ({White should play} 40. Nf2 $1 $15 Kf8 41. Qe2) 40... Kf7 $1 $19 41. Nf2 (41. b3 $17 Nb6 42. Nf2) 41... Qf3 42. b3 axb3 {[%emt 0:05:16] Dancing on a razor blade.} 43. axb3 Ne3 44. Qd2 Nxg4 45. Nxg4 Qxg4 {[%emt 0:00:02][%mdl 4096] Endgame KQ-KQ} 46. d5 cxd5 47. Qxd5+ Kg6 {[%emt 0:00:55] aiming for ...Qf5.} 48. Qg8+ (48. Qxb5 $142 Kxh6 49. Qe8) 48... Kxh6 49. Qf8+ $2 {[%emt 0:00:02] [#]} (49. c4 Qf4+ 50. Kc2 Qf5+ 51. Kb2 Qe5+ 52. Kc2) 49... Kh5 $1 50. Qf7+ {[%emt 0:01:20] [#]} Kh4 $1 51. Qxh7+ Kg3 52. Kb2 f5 53. c4 bxc4 54. b4 Qd4+ {[%emt 0:00:50] Black mates.} 55. Kc2 Qd3+ 56. Kb2 c3+ 57. Kb3 c2+ 58. Kb2 Qd1 59. Qc7+ f4 60. Qc3+ f3 61. Qe5+ Kh3 62. Qf5+ g4 63. Qh5+ Kg3 64. Ka2 Qb1+ 65. Ka3 c1=Q+ 66. Ka4 Qc6+ 67. b5 Qa8# {[%emt 0:00:25] Weighted Error Value: White=0.59/Black=0.08 (flawless)} 0-1

[Event "Mitropa Cup Women 2022"]
[Site "Corte"]
[Date "2022.05.01"]
[Round "2.5"]
[White "Borosova, Zuzana"]
[Black "Zimina, Olga"]
[Result "1-0"]
[ECO "B12"]
[WhiteElo "2265"]
[BlackElo "2345"]
[Annotator "TA"]
[PlyCount "85"]
[EventDate "2022.04.30"]
[EventType "team-tourn"]
[EventCountry "FRA"]
[SourceTitle "playchess.com"]
[Source "ChessBase"]
[SourceQuality "1"]
[WhiteTeam "Slovakia"]
[BlackTeam "Italy"]
[WhiteTeamCountry "SVK"]
[BlackTeamCountry "ITA"]
[TimeControl "40/5400+30:1800+30"]

1. e4 c6 2. d4 d5 3. e5 c5 4. dxc5 e6 5. a3 Bxc5 6. Nf3 {[%emt 0:00:44] B12: Caro-Kann: Advance Variation.} Nd7 7. Bd3 $1 Qc7 8. Qe2 {[%emt 0:01:49] White is slightly better.} Ne7 9. b4 $1 Bb6 10. Bb2 {[%emt 0:04:36] [#]} Ng6 $146 ({Predecessor:} 10... a5 11. Nbd2 axb4 12. axb4 Rxa1+ 13. Bxa1 Nc6 14. b5 Nb4 15. O-O Nxd3 16. cxd3 O-O {1-0 (45) Vrencian,L (2270)-Harika,D (2511) Chess.com INT 2021}) 11. O-O (11. g3 $1 $16) 11... Qb8 ({Black should try} 11... Nf4 $14 12. Qd2 Nxd3 13. Qxd3 Nf8) 12. Bxg6 $16 hxg6 13. Nbd2 (13. c4 $1 $16) 13... Bc7 14. Rfe1 Nb6 (14... b5 $11 {keeps the balance.}) 15. a4 $1 Bd7 16. a5 Nc8 (16... Na4 $142 17. Bd4 b5) 17. b5 Ne7 18. c4 Qd8 19. Nb3 dxc4 20. Qxc4 Rc8 21. Qd3 a6 22. b6 Bb8 23. Ba3 Bc6 {[%emt 0:04:44] [#]} 24. Qe2 {[%emt 0:01:37] And now Rad1 would win. 0x0.001b95dd5a39dp-1022s more active pieces.} Nf5 (24... Kf8 $142) 25. Rad1 Bd5 {[%emt 0:00:01] [#] Threatens to win with ...Rc3.} 26. Nc5 ({Better is} 26. Rd3 $1 $16) 26... Nh4 $14 {[%emt 0:00:33] [#]} ({Less strong is} 26... Qe7 27. Qd3 $16) 27. Nxb7 $1 Nxf3+ {[%emt 0:00:17] [#]} 28. Qxf3 $1 {[%emt 0:00:18] Dancing on a razor blade.} Bxf3 29. Rxd8+ (29. Nxd8 $2 {perishes.} Bxd1 30. Nxe6 fxe6 $19) 29... Rxd8 30. gxf3 ({Worse is} 30. Nxd8 Bd5 31. Nxf7 Kxf7 $17) 30... Rd3 {[%emt 0:13:29][%mdl 8192] Loses the game.} (30... Rd5 $1 $14 31. Rc1 Kd7) 31. Bd6 $18 Bxd6 32. Nxd6+ {[%emt 0:00:12][%mdl 4096] Endgame KRR-KRN} Ke7 33. Rc1 {[%emt 0:00:36] Prevents Rc3.} Rd8 $2 (33... Rxd6 34. exd6+ Kxd6) 34. Rc7+ (34. b7 $142 {Black must now prevent Rc7+.} Rb3 35. Nc8+ Ke8 36. Nb6 Rxf3 37. Rc8) 34... Rd7 35. Ra7 Rd5 (35... Rb3 $142 36. Rxa6 f6) 36. Rxa6 Rxe5 {[%emt 0:00:12] [#]} 37. b7 $1 Rc7 {[%emt 0:05:24] Strongly threatening ...Rc1+.} (37... Rxb7 38. Nxb7) 38. Nc8+ (38. b8=Q $142 Rc1+ 39. Kg2 Rg5+ 40. Kh3 Rh5+ 41. Kg3 Rg1+ 42. Kf4 Rh4+ 43. Ke3 Re1+ 44. Kd2) 38... Kf6 39. b8=Q Rc1+ 40. Kg2 {[%emt 0:00:04][%cal Ob8b2] Qb2! would kill now.} Rg5+ 41. Kh3 {[%emt 0:05:37] Intending Qf4+ and mate.} Rcg1 42. Qf4+ Rf5 43. Qd4+ {[%emt 0:00:06] Weighted Error Value: White=0.25 (precise) /Black=0.77} 1-0

[Event "Mitropa Cup Women 2022"]
[Site "Corte"]
[Date "2022.05.01"]
[Round "2.6"]
[White "Sedina, Elena"]
[Black "Nadzamova, Viktoria"]
[Result "0-1"]
[ECO "B90"]
[WhiteElo "2258"]
[BlackElo "2117"]
[Annotator "TA"]
[PlyCount "78"]
[EventDate "2022.04.30"]
[EventType "team-tourn"]
[EventCountry "FRA"]
[SourceTitle "playchess.com"]
[Source "ChessBase"]
[SourceQuality "1"]
[WhiteTeam "Italy"]
[BlackTeam "Slovakia"]
[WhiteTeamCountry "ITA"]
[BlackTeamCountry "SVK"]
[TimeControl "40/5400+30:1800+30"]

1. e4 c5 2. Nf3 d6 3. d4 cxd4 4. Nxd4 Nf6 5. Nc3 a6 6. Be3 g6 7. f3 Bg7 8. Qd2 b5 9. a3 {[%emt 0:24:00] B75: Sicilian Dragon: Yugoslav Attack, Miscellaneous.} O-O 10. g4 Bb7 11. h4 {White is better.} h5 12. g5 (12. O-O-O $16) 12... Nfd7 $11 13. O-O-O Nc6 14. Nxc6 Bxc6 15. Bd4 Bxd4 16. Qxd4 Rb8 17. f4 a5 {[%emt 0:02:22] [#]} 18. Nd5 $146 {[%emt 0:01:23] Prevents b4.} ({Predecessor:} 18. b4 axb4 19. axb4 Qc7 20. Kb2 Nb6 21. Rb1 Rfc8 22. Rh3 Bd7 23. f5 Na4+ 24. Kb3 gxf5 {0-1 (36) Espinosa Veloz,E (2486)-Hernandez Gonzalez,W (2480) Villa Clara 2020}) 18... b4 $1 19. Rh3 Bxd5 20. Qxd5 Qb6 {[%emt 0:02:31] [#] Threatens to win with ...bxa3.} 21. Qd4 Qc7 {[%emt 0:04:31] White must now prevent ...Rfc8.} 22. a4 Rfc8 (22... b3 $5 23. Rc3 Nc5 $15) 23. Rd2 b3 {[%emt 0:00:50] aiming for ...Rb4.} 24. Rc3 Nc5 {[%emt 0:00:07] ...Rb4 is the strong threat.} 25. Bb5 $1 bxc2 26. f5 Kh7 (26... Qb7 $11 {keeps the balance.}) 27. fxg6+ ({White should play} 27. Qd5 $16 Rf8 28. e5) 27... fxg6 28. Rf2 {[%emt 0:00:34] Intending Rf7+ and mate.} Rf8 {[%emt 0:00:42] Inhibits Rf7+.} (28... e5 $2 29. Qd5 Rf8 30. Rcf3 Rxf3 31. Rxf3 $18) 29. Kxc2 e5 30. Qe3 (30. Qd2 $1 $11 {remains equal.}) 30... Qb7 $17 {[%emt 0:00:38] Hoping for ...Rxf2+.} 31. Rf6 {[#]} (31. Rxf8 $2 Rxf8 32. Qe1 Rf4 $19) (31. Rc4 $1 $15) 31... Nxe4 $4 (31... Rxf6 $1 $19 {and all is fine.} 32. gxf6 Rf8) 32. Rxf8 $18 Rxf8 33. Bc6 Qb4 (33... Qf7 $142 34. Qxe4 (34. Bxe4 d5 $14) 34... Qf2+ 35. Kb1 (35. Kb3 Rf4 $18) 35... Rf4) 34. Bxe4 Qxa4+ 35. Kd2 (35. b3 Qa2+ 36. Kd3 Kh8 $18) 35... d5 $2 (35... Kh8 36. Rb3 (36. Bxg6 Qxh4 37. Bd3 Rf7 $18) 36... Qc4) 36. Qa7+ Kh8 37. Bxg6 Qf4+ 38. Kc2 Qa4+ (38... Qf2+ $142 39. Qxf2 Rxf2+ 40. Kb3 Rh2) 39. Kd2 $2 (39. Kb1 $18 Rf1+ 40. Rc1 Rxc1+ 41. Kxc1 Qc6+ 42. Bc2) 39... Qf4+ {[%emt 0:00:05][%mdl 32768] Weighted Error Value: White=0.54/Black=0.33. Loss on time!?} 0-1

[Event "Mitropa Cup Women 2022"]
[Site "Corte"]
[Date "2022.05.01"]
[Round "2.7"]
[White "Sankova, Stella"]
[Black "Gueci, Tea"]
[Result "1/2-1/2"]
[ECO "C55"]
[WhiteElo "2066"]
[BlackElo "2243"]
[Annotator "TA"]
[PlyCount "59"]
[EventDate "2022.04.30"]
[EventType "team-tourn"]
[EventCountry "FRA"]
[SourceTitle "playchess.com"]
[Source "ChessBase"]
[SourceQuality "1"]
[WhiteTeam "Slovakia"]
[BlackTeam "Italy"]
[WhiteTeamCountry "SVK"]
[BlackTeamCountry "ITA"]
[TimeControl "40/5400+30:1800+30"]

1. e4 e5 2. Nf3 Nc6 3. Bc4 Nf6 4. d3 h6 5. Nc3 Bc5 6. h3 d6 7. Na4 $1 {[%emt 0:03:27][%mdl 4] now scores much better than the old 7.0-0.} Bb6 {[%emt 0:00:52] C50: Hungarian Defence and Giuoco Pianissimo.} 8. Nxb6 axb6 9. Bd2 O-O 10. O-O Ne7 11. Re1 {[%emt 0:04:55] [#]} Ng6 $146 ({Predecessor:} 11... Re8 12. Bc3 c6 13. a4 d5 14. exd5 cxd5 15. Bb3 d4 16. Nxe5 Be6 17. Bxe6 fxe6 {1-0 (23) Claus,J-Ziegert,A DESC email 2013}) 12. d4 (12. a4 $11) 12... exd4 $1 $15 13. Nxd4 {[%emt 0:00:08] [#]} Nxe4 $1 14. Bxf7+ (14. Rxe4 d5) 14... Rxf7 15. Rxe4 d5 16. Re1 {[%emt 0:00:14] [#]} c5 (16... Bxh3 $1 $17 17. gxh3 Qh4 18. Bxh6 gxh6) 17. Qh5 Qd6 (17... Rf6 $1 $15 18. Nb5 Bf5) 18. Re8+ $11 Rf8 19. Rxf8+ Nxf8 20. Nf5 Bxf5 21. Qxf5 Re8 22. Re1 Rxe1+ 23. Bxe1 Nd7 24. Bd2 Qc6 {[%emt 0:01:22] The position is equal.} 25. Bf4 d4 26. Qg4 Nf6 27. Qf5 Nd7 28. Qg4 Nf6 29. Qf5 Nd7 30. Qg4 {[%emt 0:00:45] Weighted Error Value: White=0.10 (very precise) /Black=0.12 (very precise)} 1/2-1/2

[Event "Mitropa Cup Women 2022"]
[Site "Corte"]
[Date "2022.05.01"]
[Round "2.8"]
[White "Gabbani, Sara"]
[Black "Sevcikova, Lucia"]
[Result "0-1"]
[ECO "C10"]
[WhiteElo "1831"]
[BlackElo "2030"]
[Annotator "TA"]
[PlyCount "96"]
[EventDate "2022.04.30"]
[EventType "team-tourn"]
[EventCountry "FRA"]
[SourceTitle "playchess.com"]
[Source "ChessBase"]
[SourceQuality "1"]
[WhiteTeam "Italy"]
[BlackTeam "Slovakia"]
[WhiteTeamCountry "ITA"]
[BlackTeamCountry "SVK"]
[TimeControl "40/5400+30:1800+30"]

1. e4 e6 2. d4 d5 3. Nc3 dxe4 4. Nxe4 Nd7 5. c3 Ngf6 6. Nxf6+ Nxf6 7. Bd3 c5 8. Nf3 Be7 {[%emt 0:03:41] C10: French with 3 Nc3: Unusual Black 3rd moves and 3...dxe4.} 9. dxc5 Bxc5 10. O-O h6 (10... O-O $11) 11. Bf4 O-O 12. Qe2 {[%emt 0:05:47] [#]} (12. Qd2 $16) 12... Bd7 $146 ({Predecessor:} 12... Nd5 13. Be5 Bd6 14. Rad1 Bxe5 15. Nxe5 Qc7 16. Bb1 Nf6 17. Ng4 Nxg4 18. Qxg4 f5 {1-0 (29) De Souza,E (1673)-Nunes,A (1797) Cuiaba 2021}) 13. Rfd1 Qe7 ({Black should play} 13... a5 $14) 14. b4 $1 $16 Nd5 15. Be5 ({Much weaker is} 15. Qe4 $6 f5 $1 16. Qe5 Nxf4 17. Qxf4 Bd6 $11) 15... Bd6 {[%emt 0:07:25] [#]} 16. Qe4 (16. Bxd6 $1 $16 Qxd6 17. c4) 16... f5 $14 17. Qd4 Bxe5 18. Nxe5 Be8 {[%emt 0:01:34] Prevents Ng6.} (18... Rfd8 $1 $14) 19. Rac1 (19. Bc4 $16) 19... Bh5 $1 20. f3 (20. Re1 $14 {is superior.}) 20... Rfd8 {[%emt 0:02:57] Hoping for ...Qg5.} 21. Qf2 Qg5 22. Qg3 Ne3 23. Qxg5 hxg5 24. Re1 f4 {[%emt 0:00:44] aiming for ...Rd5.} 25. Bf1 Rac8 26. c4 $1 {[%emt 0:01:40] Against Rd5} Rd2 27. Re2 $2 {[%emt 0:00:34] [#]} (27. a3 $11) 27... Rcd8 $2 (27... Rd5 $1 $19 28. Ng4 Bxg4 29. fxg4 Rd4) 28. Kf2 (28. Rxd2 $11 Rxd2 29. c5) 28... Rd1 {[%emt 0:01:53] 0x0.001b95e37814dp-1022s more active pieces.} 29. Rxd1 Rxd1 30. Re1 Rxe1 31. Kxe1 $15 {[%emt 0:00:06][%mdl 4096] Endgame KBN-KBN} Nc2+ 32. Kd2 $1 Nxb4 33. a3 (33. Kc3 $1 $11 Na6 34. Kd4) 33... Nc6 (33... Na6 $1 $15 {is more appropriate.}) 34. Nd3 (34. Nxc6 $11 bxc6 35. Kd3) 34... e5 35. Kc3 ({White should try} 35. Nf2) 35... g4 $17 36. fxg4 Bxg4 37. Kd2 (37. Nf2 $17 Bd7 38. g3) 37... Kf7 38. Nc5 (38. g3 $142) 38... b6 $19 39. Ne4 Nd4 40. Bd3 Nb3+ 41. Kc3 Nc5 42. Ng5+ (42. Nf2 {was called for.} Bc8 43. g3) 42... Kf6 43. Nh7+ Ke7 44. Bc2 e4 {[%emt 0:01:29][%cal Be5e4,Be4e3][%mdl 32] Strongly threatening ...f3. Black is clearly winning.} 45. Kd2 (45. Ng5 $142 f3 46. gxf3 exf3 47. Be4) 45... Bf5 46. Ng5 Kf6 {[%emt 0:01:01] And now ...e3+ would win.} 47. h4 e3+ 48. Kc1 Nd3+ {[%emt 0:01:18] Weighted Error Value: White=0.50/Black=0.20 (precise)} 0-1

[Event "Mitropa Cup Women 2022"]
[Site "Corte"]
[Date "2022.05.02"]
[Round "3.2"]
[White "Terbe, Zsuzsanna"]
[Black "Urh, Zala"]
[Result "0-1"]
[ECO "D92"]
[WhiteElo "2194"]
[BlackElo "2284"]
[Annotator "TA"]
[PlyCount "46"]
[EventDate "2022.04.30"]
[EventType "team-tourn"]
[EventCountry "FRA"]
[SourceTitle "playchess.com"]
[Source "ChessBase"]
[SourceQuality "1"]
[WhiteTeamCountry "HUN"]
[BlackTeamCountry "SLO"]
[TimeControl "40/5400+30:1800+30"]

1. d4 Nf6 2. c4 g6 3. Nc3 d5 4. Bf4 Bg7 5. Nf3 c5 6. dxc5 Qa5 7. cxd5 Nxd5 8. Qxd5 Bxc3+ 9. Bd2 Bxd2+ 10. Qxd2 {[%emt 0:09:32] D92: Grünfeld: 4 Nf3 Bg7 5 Bf4.} Qxc5 {[%emt 0:16:07] 10...Qxc5 scores better than 10...Qxd2+.} 11. Rc1 Qf5 12. Nd4 {[%emt 0:06:31] White is slightly better.} Qd7 {[%emt 0:01:24] [#]} 13. Qc3 ({White should play} 13. Qh6 $1 $16) 13... O-O $11 {[%emt 0:01:23][%cal Bh8f8,Bf8d8,Bd8d7][%mdl 32] [#]} 14. h4 $146 ({Predecessor:} 14. e3 Qd8 15. Be2 Bd7 16. Bf3 Nc6 17. Nxc6 Bxc6 18. Bxc6 bxc6 19. O-O Qb6 20. b3 {½-½ (33) Brinck Claussen,B (2375)-Carlhammar,M (2245) Lyngby 1988}) 14... h5 15. g4 $2 (15. e3 $14) 15... Qxg4 $17 16. e3 {[%emt 0:07:28] [#]} e5 $1 17. Nb5 (17. Ne2 $17) 17... Nc6 $19 18. a3 (18. Qc4 {was necessary.}) 18... Rd8 19. Rh3 {[%emt 0:07:53] Against Qf3} (19. Qc2) 19... Bf5 {[%emt 0:04:28] Black is clearly winning.} 20. Rg3 Qxh4 {[%emt 0:00:54] White must now prevent ...Rac8.} 21. Bc4 Rd7 22. a4 Rad8 {[%emt 0:01:19] Threatens to win with ...Qh1+.} 23. Bf1 Bg4 {[%emt 0:03:02] Black took control after the opening.  Weighted Error Value: White=1.48/Black=0.17 (very precise)} 0-1

[Event "Mitropa Cup Women 2022"]
[Site "Corte"]
[Date "2022.05.02"]
[Round "3.3"]
[White "Janzelj, Lara"]
[Black "Mihok-Juhasz, Barbara"]
[Result "0-1"]
[ECO "E92"]
[WhiteElo "2191"]
[BlackElo "2207"]
[Annotator "TA"]
[PlyCount "64"]
[EventDate "2022.04.30"]
[EventType "team-tourn"]
[EventCountry "FRA"]
[SourceTitle "playchess.com"]
[Source "ChessBase"]
[SourceQuality "1"]
[WhiteTeamCountry "SLO"]
[BlackTeamCountry "HUN"]
[TimeControl "40/5400+30:1800+30"]

1. d4 Nf6 2. c4 g6 3. Nc3 Bg7 4. e4 d6 5. Be2 O-O 6. Nf3 e5 7. d5 a5 8. h3 Nh5 9. g3 {[%emt 0:03:23] E92: King's Indian: Classical: 6 Be2 e5: 7 dxe5, 7 Be3 and Petrosian System without 7...Nbd7.} f5 10. Bg5 (10. exf5 $1 $14 gxf5 11. Nh4) 10... Qe8 (10... Bf6 $11 11. Bc1 fxe4 12. Nxe4 Bg7) 11. Qd2 (11. exf5 $1 $14 gxf5 12. c5) 11... Na6 {[%emt 0:07:35][%cal Bb8a6,Ba6b4,Bb4a2][%mdl 32] [#]} 12. Bh6 $146 (12. exf5 $11 gxf5 13. O-O-O) ({Predecessor:} 12. exf5 gxf5 13. O-O-O Nf6 14. g4 Ne4 15. Nxe4 fxe4 16. Nh4 Qa4 17. a3 Nc5 18. Kb1 {½-½ (27) Nowak,A (2248)-Tsygankov,E (2463) LSS email 2018}) 12... Nf6 $15 13. Bxg7 Kxg7 14. exf5 Bxf5 15. Qe3 {[%emt 0:09:27] Inhibits Ne4.} ({White should try} 15. Nh4 $15) 15... Nb4 $17 16. O-O-O {[%emt 0:01:35] [#]} (16. Rc1 $17) 16... Nxa2+ $1 $19 17. Nxa2 {[%emt 0:01:13] Black must now prevent Nc3.} Qa4 18. Bd3 {[%emt 0:05:10] Against Qc2+. And now Nc3 would win.} Qxa2 19. Bxf5 gxf5 20. Ng5 Kh8 21. Qe2 $2 (21. Kc2 {was worth a try.}) 21... a4 22. Qc2 Ne4 ({But not} 22... a3 $2 23. b3 Qxc2+ 24. Kxc2 $19) 23. Nxe4 fxe4 24. Rhf1 Rf3 {[%emt 0:04:17] ...Raf8 is the strong threat.} 25. Qxe4 {[%emt 0:01:50] [#]} a3 $1 {[%emt 0:00:50][%csl Ga3][%cal Ra2b2][%mdl 512] Black mates.} 26. Qc2 (26. Kd2 axb2) 26... axb2+ 27. Kd2 Ra4 28. Rb1 Rxc4 29. Qxb2 Rd4+ 30. Ke2 Qc4+ 31. Kxf3 Qxd5+ 32. Ke2 Qe4# {[%emt 0:00:04] Black took control after the opening.  Weighted Error Value: White=0.56/Black=0.07 (flawless)} 0-1